 Dungeon Crawl Stone Soup version 0.23.2-40-g277498a001 (webtiles) character file.

Game seed: 18035616945010864662

121042 Amplified the Warrior (level 16, -2/151 HPs)
             Began as a Minotaur Enchanter on Sept 3, 2019.
             Was the Champion of Zin.
             Shot with a bolt by Vashnia (16 damage)
             ... on level 2 of the Snake Pit.
             The game lasted 00:40:55 (26489 turns).

Amplified the Warrior (Minotaur Enchanter)         Turns: 26489, Time: 00:40:56

Health: -2/151     AC: 25    Str: 18    XL:     16   Next: 31%
Magic:  0/24       EV: 17    Int: 16    God:    Zin [******]
Gold:   1199       SH:  0    Dex: 12    Spells: 14/17 levels left

rFire    + + +     SeeInvis .   s - +9 long sword of Anguish {protect, rElec rPois Str-4 Int+4}
rCold    + . .     Gourm    .   (no shield)
rNeg     + + +     Faith    .   Q - +5 ring mail of Happy Babbling {rC+ Slay+5}
rPois    +         Spirit   +   (helmet restricted)
rElec    +         Reflect  .   l - scarf {repulsion}
rCorr    .         Harm     .   v - +1 pair of gloves
MR       +....                  E - +2 pair of boots
Stlth    +.........             o - amulet "Kipuck" {Spirit rElec rF+++ rN++ Dex-5}
HPRegen  0.35/turn              K - +3 ring of slaying
MPRegen  0.19/turn              a - ring "Wuvum" {rN+ Str+5 Dex+3}

@: lethally poisoned (-2 -> -3), reciting, protection aura, very slightly
contaminated, hasted, invisible, repel missiles, very quick
A: retaliatory headbutt, horns 2
a: Recite, Vitalisation, Imprison, Sanctuary, Donate Gold, Renounce Religion


You were on level 2 of the Snake Pit.
You worshipped Zin.
Zin was exalted by your worship.
You were not hungry.

You visited 6 branches of the dungeon, and saw 29 of its levels.
You also visited: Volcano.

You collected 3014 gold pieces.
You spent 1665 gold pieces at shops.
You donated 150 gold pieces to Zin.

Inventory:

Hand Weapons
 s - the +9 long sword of Anguish (weapon) {protect, rElec rPois Str-4 Int+4}
   (You found it on level 3 of the Elven Halls)

   It protects the one who uses it against injury (+AC on strike).
   It affects your strength (-4).
   It affects your intelligence (+4).
   It insulates you from electricity.
   It protects you from poison.
 D - a +3 scimitar of flaming
 N - a +4 great sword of flaming
Armour
 l - a scarf of repulsion (worn)
 v - a +1 pair of gloves (worn)
 E - a +2 pair of boots (worn)
 Q - the +5 ring mail of Happy Babbling (worn) {rC+ Slay+5}
   (You found it on level 1 of the Lair of Beasts)

   It affects your accuracy and damage with ranged weapons and melee attacks
   (+5).
   It protects you from cold.
Jewellery
 a - the ring "Wuvum" (right hand) {rN+ Str+5 Dex+3}
   (You bought it in a shop on level 8 of the Dungeon)

   [ring of dexterity]

   It affects your strength (+5).
   It affects your dexterity (+3).
   It protects you from negative energy.
 o - the amulet "Kipuck" (around neck) {Spirit rElec rF+++ rN++ Dex-5}
   (You found it on level 4 of the Lair of Beasts)

   [amulet of guardian spirit]

   It causes incoming damage to be split between your health and magic.
   It affects your dexterity (-5).
   It renders you almost immune to fire.
   It insulates you from electricity.
   It greatly protects you from negative energy.
 w - an uncursed ring of ice
 A - an uncursed amulet of guardian spirit
 K - a +3 ring of slaying (left hand)
 L - an uncursed amulet of magic regeneration {unknown}
Wands
 f - a wand of digging (11)
 q - a wand of paralysis (11)
 y - a wand of disintegration (18)
 z - a wand of flame (53)
 B - a wand of acid (2)
 C - a wand of enslavement (17)
Scrolls
 c - 5 scrolls of amnesia
 g - 2 scrolls of enchant weapon
 k - 9 scrolls of remove curse
 n - 2 scrolls of fog
 p - 15 scrolls of teleportation
 F - 2 scrolls of silence
 J - a scroll of blinking
 P - 5 scrolls of fear
 R - a scroll of magic mapping
Potions
 b - 5 potions of berserk rage
 e - 4 potions of haste
 h - 3 potions of mutation
 m - 6 potions of brilliance
 r - 5 potions of curing
 t - 4 potions of ambrosia
 x - 5 potions of flight
 H - 2 potions of might
 M - a potion of resistance
Miscellaneous
 I - a phial of floods
Comestibles
 d - 29 rations


   Skills:
 * Level 16.1 Fighting
   Level 7.4(11.1) Short Blades
 - Level 13.8(14.5) Long Blades
 - Level 5.4 Throwing
 * Level 12.4 Armour
 * Level 11.7 Dodging
 - Level 2.4 Stealth
 - Level 1.3 Spellcasting
 - Level 2.0 Hexes
   Level 9.5 Charms
 * Level 13.2 Invocations


You had 14 spell levels left.
You knew the following spells:

 Your Spells              Type           Power        Failure   Level  Hunger
a - Corona                Hex            #......      14%         1    ##.....
b - Ensorcelled Hibernat  Hex/Ice        #.....       32%         2    ###....

Your spell library contained the following spells:

 Spells                   Type           Power        Failure   Level  Hunger
 Infusion                 Chrm           ####         1%          1    ##.....
 Song of Slaying          Chrm           ####....     1%          2    ###....
 Shroud of Golubria       Chrm/Tloc      ###.......   7%          2    ###....
 Swiftness                Chrm/Air       ###.....     7%          2    ###....
 Spectral Weapon          Hex/Chrm       ###.....     10%         3    ####...
 Regeneration             Chrm/Necr      ###.......   14%         3    ####...
 Animate Skeleton         Necr           N/A          32%         1    ##.....
 Apportation              Tloc           #.....       32%         1    ##.....
 Flame Tongue             Conj/Fire      #....        32%         1    ##.....
 Freeze                   Ice            #...         32%         1    ##.....
 Pain                     Necr           #...         32%         1    ##.....
 Sandblast                Erth           #.....       32%         1    ##.....
 Shock                    Conj/Air       #...         32%         1    ##.....
 Summon Butterflies       Summ           #.......     32%         1    ##.....
 Confuse                  Hex            #.......     41%         3    ####...
 Tukima's Dance           Hex            #.......     41%         3    ####...
 Passwall                 Tmut/Erth      #.......     45%         2    ###....
 Sticks to Snakes         Tmut           #.......     45%         2    ###....
 Throw Flame              Conj/Fire      #.....       45%         2    ###....
 Throw Frost              Conj/Ice       #.....       45%         2    ###....
 Dazzling Spray           Conj/Hex       #.....       54%         3    ####...
 Inner Flame              Hex/Fire       #.......     54%         3    ####...
 Conjure Flame            Conj/Fire      #.......     69%         3    ####...
 Lesser Beckoning         Tloc           #.........   69%         3    ####...
 Recall                   Summ/Tloc      N/A          69%         3    ####...
 Static Discharge         Conj/Air       #.......     69%         3    ####...
 Stone Arrow              Conj/Erth      #.....       69%         3    ####...
 Vampiric Draining        Necr           #.........   69%         3    ####...
 Airstrike                Air            #.........   97%         4    #####..
 Animate Dead             Necr           N/A          97%         4    #####..
 Olgreb's Toxic Radiance  Pois           #.......     97%         4    #####..
 Petrify                  Tmut/Erth      #.......     97%         4    #####..
 Sticky Flame             Conj/Fire      #.......     97%         4    #####..
 Summon Ice Beast         Ice/Summ       #.......     97%         4    #####..
 Throw Icicle             Conj/Ice       #.......     97%         4    #####..
 Metabolic Englaciation   Hex/Ice        #.........   99%         5    ######.
 Alistair's Intoxication  Tmut/Pois      #.......     100%        5    ######.
 Borgnjor's Vile Clutch   Necr/Erth      #.........   100%        5    ######.
 Fireball                 Conj/Fire      #.........   100%        5    ######.
 Lee's Rapid Deconstruct  Erth           #.........   100%        5    ######.
 Lightning Bolt           Conj/Air       #.........   100%        5    ######.
 Death Channel            Necr           #.........   100%        6    #######
 Dispersal                Tloc           #.........   100%        6    #######
 Freezing Cloud           Conj/Ice/Air   #.........   100%        6    #######
 Invisibility             Hex            #.......     100%        6    #######
 Simulacrum               Ice/Necr       #.........   100%        6    #######
 Malign Gateway           Summ/Tloc      #.........   100%        7    #######


Dungeon Overview and Level Annotations

Branches:
Dungeon (15/15)            Temple (1/1) D:4            Lair (6/6) D:10
 Shoals (0/4) Lair:2        Snake (2/4) Lair:4        Slime (0/5) Lair:5
    Orc (2/2) D:9             Elf (3/3) Orc:2        Vaults (0/5) D:13
 Depths (0/5) D:15

Altars:
Ashenzari
Cheibriados
Dithmenos
Elyvilon
Fedhas
Gozag
Hepliaklqana
Kikubaaqudgha
Makhleb
Nemelex Xobeh
Okawaru
Qazlal
Ru
Sif Muna
Trog
Uskayaw
Vehumet
Wu Jian
Xom
Yredelemnul
Zin
The Shining One
Beogh

Shops:
D:5 *   D:6 *!   D:8 =   D:11 %   D:12 =   D:15 %   Orc:2 =*[*   Elf:1 %
Elf:3 }

Annotations:
Lair:3 1 runed translucent door, H0rd4k's ghost, journeyman HuAr
Lair:4 1 runed translucent door, destino's ghost, journeyman BaSu
Snake:2 Vashnia
Elf:1 2 runed translucent doors, coldbreeze's ghost, journeyman BaGl


Innate Abilities, Weirdness & Mutations

You reflexively headbutt those who attack you in melee.
You have a pair of horns on your head.


Message History

Vashnia is severely wounded.
Vashnia shoots a bolt.
The bolt hits you!
* * * LOW HITPOINT WARNING * * *
x2 You slice Vashnia!!
Your headbutt misses Vashnia.
Vashnia is severely wounded.
You feel sick.
You hit Vashnia but do no damage. You headbutt Vashnia!
Vashnia is almost dead.
You closely miss Vashnia.
Vashnia is almost dead.
Vashnia shoots a bolt.
The bolt hits you!!
* * * LOW HITPOINT WARNING * * *
x2
Okay, then.
You clear your throat and prepare to recite.
You hit Vashnia but do no damage.
Vashnia is severely wounded. "What of the hordes of the Abyss?
Ousted for their..."
Vashnia casts a spell.
Vashnia magically shoots a bolt.
The bolt hits you!
You die...

#####.....(..(........[.
#####.......?.........
.(# ##†...............
.... ##......(N..>N.N.
....# ##N........).N..
...# ##.....(N...# ..#
##N...(....#
#†###(..##§...# #@#.#..#
....# ##N##..# #....#
#.....#.....# #.....
####.. ....(# ###..
#.##.#...... #. #.#
#.#...... #.# .#......
## ##... #..


You could see Vashnia.

Vanquished Creatures
  An orc warlord (Orc:2)
  3 deep elf demonologists
  2 fire dragons (D:15)
  An ettin (shapeshifter) (D:13)
  Snorg (D:13)
  Josephine (Lair:4)
  Fannar (Orc:1)
  Harold (D:11)
  6 hydras
  4 anacondas
  4 centaur warriors
  4 ogre magi (Orc:2)
  Erica (D:9)
  4 dancing weapons
  16 two-headed ogres
  2 shock serpents
  2 deep elf knights (Elf:3)
  2 salamander mystics (Snake:1)
  3 skeletal warriors (D:13)
  2 sea snakes (Snake:2)
  2 unseen horrors
  4 deep elf archers (Elf:1)
  A naga ritualist (Snake:2)
  A necromancer (D:9)
  4 oklob plants (Lair:4)
  6 mana vipers
  An orb spider (shapeshifter) (D:14)
  33 deep elf magi
  An orc sorcerer (Elf:1)
  4 cyclopes
  2 manticores (D:11)
  4 ugly things (D:14)
  8 salamanders
  2 merfolk sirens (Lair:2)
  11 black mambas
  A guardian serpent (Snake:1)
  Maurice (D:11)
  8 spiny frogs
  6 naga magi (Snake:1)
  2 gargoyles (Volcano)
  A molten gargoyle (Volcano)
  5 komodo dragons
  An efreet (D:14)
  3 rime drakes
  A komodo dragon (shapeshifter) (D:13)
  A freezing wraith (D:15)
  2 harpy zombies
  A tengu conjurer (D:11)
  A meliai (shapeshifter) (D:13)
  4 hornets
  7 trolls
  2 merfolk (Lair:2)
  3 polar bears (Lair:6)
  A raiju (shapeshifter) (Elf:1)
  12 blink frogs
  4 dream sheep
  4 hippogriffs
  13 slime creatures
  A centaur simulacrum (D:14)
  26 yaks
  6 wyverns
  6 wraiths
  A water elemental (Elf:1)
  4 hungry ghosts
  14 spriggans (Lair:6)
  Grum (D:8)
  2 basilisks
  A warg (Orc:2)
  A steam dragon (Lair:4)
  2 fire elementals
  6 vampire mosquitoes
  9 nagas
  A two-headed ogre zombie (D:9)
  2 acid dragons
  16 water moccasins
  12 porcupines
  2 swamp drakes
  3 black bears (Lair:6)
  9 orc warriors
  3 ice beasts
  4 eyes of draining
  2 sky beasts (D:6)
  2 phantoms
  25 wolves
  3 necrophages
  30 ogres
  15 centaurs
  4 boggarts (Lair:6)
  12 crocodiles
  9 big kobolds
  16 bullfrogs
  3 wyvern skeletons
  7 scorpions
  2 troll zombies (D:9)
  5 wights (D:13)
  4 howler monkeys
  3 electric eels (Snake:2)
  A lava snake (Lair:3)
  13 crimson imps
  4 centaur zombies
  3 centaur skeletons
  4 hounds
  4 bullfrog skeletons
  5 jellies
  4 orc priests
  9 orc wizards
  7 worker ants
  5 iguanas
  Natasha (thrice) (D:2)
  3 yak simulacra (D:9)
  2 polar bear simulacra (D:9)
  4 wolf simulacra (D:9)
  5 ogre zombies (D:9)
  2 hound zombies (D:11)
  2 hound skeletons
  A howler monkey zombie (D:6)
  A worker ant zombie (D:8)
  12 gnolls
  10 adders
  6 shadow imps
  2 adder zombies (D:6)
  2 worms
  A dart slug (D:1)
  3 leopard geckos
  45 orcs
  3 ball pythons
  4 giant cockroaches
  14 goblins
  5 hobgoblins
  18 jackals
  27 kobolds
  2 quokkas
  11 bats
  4 frilled lizards
  2 goblin skeletons (D:9)
  2 goblin zombies (D:9)
  A hobgoblin skeleton (D:9)
  A hobgoblin zombie (D:9)
  A leopard gecko skeleton (D:5)
  5 orc skeletons (D:9)
  14 orc zombies (D:9)
  9 rats
  2 river rat simulacra (D:9)
  A pillar of salt (D:13)
  A plant (Lair:4)
793 creatures vanquished.

Vanquished Creatures (collateral kills)
  A hippogriff (D:10)
1 creature vanquished.

Vanquished Creatures (others)
  10 fungi
  A pillar of salt (D:13)
  9 plants
20 creatures vanquished.

Grand Total: 814 creatures vanquished

Notes
Turn   | Place    | Note
-------+----------+-------------------------------------------
     0 | D:1      | Amplified the Minotaur Enchanter began the quest for the
                  | Orb.
     0 | D:1      | Reached XP level 1. HP: 14/14 MP: 1/1
    79 | D:1      | Reached XP level 2. HP: 21/22 MP: 3/3
    88 | D:1      | Reached skill level 1 in Fighting
   132 | D:1      | Reached skill level 1 in Armour
   606 | D:1      | Learned a level 2 spell: Ensorcelled Hibernation
   787 | D:2      | Reached XP level 3. HP: 24/28 MP: 4/4
  1497 | D:2      | Reached skill level 2 in Fighting
  1662 | D:2      | Noticed Natasha
  1670 | D:2      | Killed Natasha
  1670 | D:2      | Reached XP level 4. HP: 32/36 MP: 5/5
  1775 | D:2      | Noticed Natasha
  1783 | D:2      | Killed Natasha
  1803 | D:2      | Noticed Natasha
  1812 | D:2      | Killed Natasha
  1812 | D:2      | Reached XP level 5. HP: 19/42 MP: 6/6
  2411 | D:2      | Reached skill level 3 in Fighting
  2726 | D:3      | Noticed a swamp drake
  2895 | D:2      | Killed a swamp drake
  2895 | D:2      | Reached XP level 6. HP: 24/51 MP: 1/7
  3920 | D:4      | Found a staircase to the Ecumenical Temple.
  3944 | Temple   | Entered the Ecumenical Temple
  4063 | Temple   | Became a worshipper of Zin the Law-Giver
  4063 | Temple   | Reached * piety under Zin
  4099 | D:4      | Reached skill level 4 in Fighting
  4099 | D:4      | Reached skill level 1 in Invocations
  4303 | D:4      | Reached XP level 7. HP: 32/59 MP: 8/8
  4559 | D:5      | Entered Level 5 of the Dungeon
  4819 | D:5      | Found Biekophe's Assorted Antiques.
  4823 | D:5      | Bought a scroll labeled HUUHEMN RUSUUCH for 21 gold pieces
  4823 | D:5      | Bought a cyan potion for 18 gold pieces
  4848 | D:5      | Bought a runed ring mail for 147 gold pieces
  4848 | D:5      | Bought a potion of curing for 63 gold pieces
  5303 | D:5      | Found a basalt altar of Yredelemnul.
  5303 | D:5      | Found a glowing golden altar of the Shining One.
  5318 | D:5      | Noticed a profane servitor
  5409 | D:5      | Reached ** piety under Zin
  5643 | D:5      | Noticed an angel
  5744 | D:6      | Reached skill level 5 in Dodging
  5757 | D:6      | Reached XP level 8. HP: 67/67 MP: 9/9
  5827 | D:6      | Found Vofaroum's Assorted Antiques.
  5831 | D:6      | Bought 2 scrolls labeled LUNLOBR KOYLEA for 58 gold pieces
  5888 | D:6      | Reached skill level 5 in Fighting
  5929 | D:6      | Reached skill level 5 in Armour
  6006 | D:6      | Reached skill level 5 in Short Blades
  6161 | D:6      | Found Sylu's Distillery.
  6340 | D:6      | Reached *** piety under Zin
  6570 | D:6      | Reached skill level 5 in Invocations
  6694 | D:7      | Reached skill level 6 in Fighting
  6694 | D:7      | Reached XP level 9. HP: 70/75 MP: 12/12
  6846 | D:7      | Found a deep blue altar of Sif Muna.
  7198 | D:7      | Reached **** piety under Zin
  7884 | D:8      | Found a hide-covered altar of Uskayaw.
  8235 | D:8      | Reached skill level 7 in Fighting
  8288 | D:8      | Noticed a three-headed hydra
  8295 | D:8      | Killed a three-headed hydra
  8295 | D:8      | Reached XP level 10. HP: 46/86 MP: 14/14
  8550 | D:8      | Found Tapowif's Jewellery Boutique.
  8893 | D:8      | Got a bloodstained ring mail
  8904 | D:8      | Identified the +0 ring mail of Zill {rPois rF- Dex+4} (You
                  | found it on level 8 of the Dungeon)
  9166 | D:8      | Noticed Grum
  9202 | D:8      | Killed Grum
  9414 | D:9      | Noticed Erica
  9419 | D:9      | Killed Erica
  9419 | D:9      | Reached skill level 8 in Fighting
  9444 | D:9      | Found a staircase to the Orcish Mines.
  9469 | D:9      | Reached skill level 1 in Long Blades
  9490 | D:9      | Reached ***** piety under Zin
  9610 | D:9      | Noticed a necromancer
  9619 | D:9      | Killed a necromancer
 10362 | D:9      | Found a deep blue altar of Sif Muna.
 10639 | D:6      | Bought a pair of runed boots for 217 gold pieces
 10639 | D:6      | Bought a scroll labeled GIOCYU SAREL for 29 gold pieces
 10706 | D:10     | Entered Level 10 of the Dungeon
 10727 | D:10     | Reached XP level 11. HP: 84/95 MP: 16/16
 10743 | D:10     | Got a pitted zirconium amulet
 10748 | D:10     | Identified the amulet of Zeaptats {-Tele +Fly Regen+ Dex+4}
                  | (You found it on level 10 of the Dungeon)
 11144 | D:10     | Killed an unseen horror
 11288 | D:10     | Found a staircase to the Lair.
 11320 | D:11     | Found Messialu's Food Shop.
 11399 | D:11     | Reached skill level 5 in Long Blades
 11408 | D:11     | Reached skill level 9 in Fighting
 11444 | D:11     | Noticed Harold
 11464 | D:11     | Killed Harold
 11620 | D:11     | Reached ****** piety under Zin
 11799 | D:11     | Reached skill level 10 in Invocations
 11847 | D:11     | Reached skill level 1 in Throwing
 12137 | D:12     | Noticed a centaur warrior
 12142 | D:12     | Killed a centaur warrior
 12215 | D:12     | Reached XP level 12. HP: 72/106 MP: 18/18
 12229 | D:12     | Noticed Maurice
 12448 | D:12     | Found Logulynegh's Jewellery Boutique.
 12601 | D:12     | Reached skill level 10 in Fighting
 12659 | D:12     | Found a sacrificial altar of Ru.
 13467 | D:11     | Killed Maurice
 13535 | Lair:1   | Entered Level 1 of the Lair of Beasts
 13633 | Lair:1   | Found a dark tunnel.
 13642 | Volcano  | Entered a volcano
 13688 | Volcano  | Identified Pizogiv's Disquisition on Frigorific Envenoming
 14009 | Lair:1   | Reached skill level 5 in Throwing
 14014 | Lair:1   | Got a smoking ring mail
 14017 | Lair:1   | Identified the +5 ring mail of Happy Babbling {rC+ Slay+5}
                  | (You found it on level 1 of the Lair of Beasts)
 14285 | Lair:1   | You fall through a shaft!
 14492 | Lair:2   | Identified a scroll of acquirement
 14524 | Lair:2   | Found a staircase to the Shoals.
 14556 | Lair:2   | Reached skill level 1 in Charms
 14812 | Lair:2   | Reached skill level 10 in Long Blades
 15243 | Lair:3   | Noticed a five-headed hydra
 15248 | Lair:3   | Reached XP level 13. HP: 115/115 MP: 20/20
 15308 | Lair:3   | Noticed H0rd4k's ghost (journeyman HuAr)
 15309 | Lair:3   | Found a runed translucent door.
 15309 | Lair:3   | Identified the +6 spear of Courage {flame, rElec rPois MR-
                  | Str+7}
 15400 | Lair:3   | Reached skill level 11 in Fighting
 15929 | Lair:4   | Noticed Josephine
 15940 | Lair:4   | Killed Josephine
 15940 | Lair:4   | Reached skill level 5 in Charms
 16058 | Lair:4   | Got a fine steel amulet
 16088 | Lair:4   | Identified the amulet "Kipuck" {Spirit rElec rF+++ rN++
                  | Dex-5} (You found it on level 4 of the Lair of Beasts)
 16231 | Lair:4   | Found a staircase to the Snake Pit.
 16559 | Lair:4   | Found a runed translucent door.
 16560 | Lair:4   | Found a shimmering altar of Xom.
 16560 | Lair:4   | Noticed destino's ghost (journeyman BaSu)
 16814 | Lair:5   | Identified Nont's Almanac of Moulding and Cold
 17259 | Lair:5   | Found a staircase to the Slime Pits.
 17430 | Lair:6   | Entered Level 6 of the Lair of Beasts
 17855 | Lair:6   | Reached skill level 12 in Fighting
 18242 | Lair:6   | Reached XP level 14. HP: 42/126 MP: 9/21
 19499 | Orc:1    | Entered Level 1 of the Orcish Mines
 19612 | Orc:1    | Noticed Fannar
 19625 | Orc:1    | Killed Fannar
 19875 | Orc:2    | Entered Level 2 of the Orcish Mines
 19877 | Orc:2    | Noticed an orc warlord
 19894 | Orc:2    | Killed an orc warlord
 19899 | Orc:2    | Found a roughly hewn altar of Beogh.
 20332 | Orc:2    | Found Volixice's Jewellery Boutique.
 20332 | Orc:2    | Found Dawn's Assorted Antiques.
 20333 | Orc:2    | Found Joycoeh's Antique Armour Emporium.
 20333 | Orc:2    | Found Voatu's Assorted Antiques.
 20344 | Orc:2    | Bought a scroll of teleportation for 90 gold pieces
 20344 | Orc:2    | Bought a potion of curing for 90 gold pieces
 20345 | Orc:2    | Bought a scroll of teleportation for 96 gold pieces
 20345 | Orc:2    | Bought a scroll of teleportation for 96 gold pieces
 20347 | Orc:2    | Bought a pair of embroidered boots for 217 gold pieces
 20363 | Orc:2    | Reached skill level 13 in Fighting
 20456 | Orc:2    | Found a burning altar of Makhleb.
 20456 | Orc:2    | Found a staircase to the Elven Halls.
 20689 | Orc:2    | Reached skill level 14 in Fighting
 20957 | D:8      | Bought the ring "Wuvum" {rN+ Str+5 Dex+3} for 523 gold
                  | pieces
 21050 | D:13     | Found a gate to the Vaults.
 21161 | D:13     | Noticed Snorg
 21172 | D:13     | Killed Snorg
 21698 | D:13     | Reached XP level 15. HP: 51/139 MP: 7/22
 22144 | D:14     | Reached skill level 10 in Armour
 22807 | D:15     | Entered Level 15 of the Dungeon
 23032 | D:15     | Found a blossoming altar of Fedhas.
 23044 | D:15     | Found Xetian's Food Shop.
 23096 | D:15     | Reached skill level 10 in Dodging
 23264 | D:15     | Found a staircase to the Depths.
 23638 | Elf:1    | Entered Level 1 of the Elven Halls
 23656 | Elf:1    | Reached skill level 15 in Fighting
 23754 | Elf:1    | Found Vamiaror's Food Boutique.
 23770 | Elf:1    | Found a large runed translucent door.
 23770 | Elf:1    | Found a large runed translucent door.
 23774 | Elf:1    | Noticed coldbreeze's ghost (journeyman BaGl)
 23934 | Elf:1    | Paralysed by an orc sorcerer for 5 turns
 24210 | Elf:3    | Entered Level 3 of the Elven Halls
 24347 | Elf:3    | Got a steaming long sword
 24362 | Elf:3    | Identified the +9 long sword of Anguish {protect, rElec
                  | rPois Str-4 Int+4} (You found it on level 3 of the Elven
                  | Halls)
 24387 | Elf:3    | Found Soobiyra's Gadget Shop.
 24694 | Snake:1  | Entered Level 1 of the Snake Pit
 24888 | Snake:1  | Reached XP level 16. HP: 87/150 MP: 16/24
 25791 | Snake:1  | Identified Sif Muna's Disquisition on the Compass
 26201 | Snake:2  | Reached skill level 16 in Fighting
 26441 | Snake:2  | Noticed Vashnia
 26489 | Snake:2  | Shot with a bolt by Vashnia

Skill      XL: |  1  2  3  4  5  6  7  8  9 10 11 12 13 14 15 16 |
---------------+-------------------------------------------------+-----
Fighting       | 1 2 3 4 6 7 8 9 10 12 14 15 16 | 16.1
Armour         | 1 2 3 4 5 7 8 9 11 12 | 12.4
Short Blades   | 2 3 4 5 7 |  7.4
Dodging        | 3 4 5 7 8 9 11 | 11.7
Invocations    | 1 3 5 7 9 10 11 12 13 | 13.2
Long Blades    | 3 7 10 12 13 | 13.8
Throwing       | 2 5 |  5.4
Charms         | 3 7 9 |  9.5
Stealth        | |  2.4
Spellcasting   | |  1.3
Hexes          | |  2.0

Action                   |  1- 3 |  4- 6 |  7- 9 | 10-12 | 13-15 | 16-18 || total
-------------------------+-------+-------+-------+-------+-------+-------++-------
Melee: Dagger            |   130 |   176 |   625 |   107 |       |       ||  1038
       Headbutt          |    12 |    22 |   117 |   223 |   190 |    38 ||   602
       Unarmed           |       |       |     8 |       |       |       ||     8
       Scimitar          |       |       |       |   528 |   878 |       ||  1406
       Long sword        |       |       |       |       |    41 |   157 ||   198
Throw: Throwing net      |       |       |       |     2 |       |       ||     2
 Cast: Ensorcelled Hiber |       |     3 |       |       |       |       ||     3
Invok: Recite            |       |       |     2 |     9 |    25 |     4 ||    40
       Vitalisation      |       |       |       |     4 |     2 |       ||     6
Evoke: Wand              |       |    10 |     6 |    13 |     5 |     7 ||    41
  Use: Scroll            |     5 |     2 |    12 |    15 |    10 |     1 ||    45
       Potion            |     1 |     8 |     4 |     5 |     8 |     4 ||    30
 Stab: Sleeping          |     3 |    10 |     2 |     3 |     2 |       ||    20
       Paralysed         |       |     4 |     8 |     7 |     7 |     1 ||    27
       Distracted        |       |       |     1 |     2 |       |       ||     3
       Confused          |       |       |     1 |     1 |    12 |     3 ||    17
       Invisible         |       |       |     1 |     6 |       |       ||     7
       Held in net/web   |       |       |       |     1 |       |       ||     1
  Eat: Chunk             |     2 |     9 |     4 |    11 |    15 |       ||    41
       Ration            |       |       |     4 |     5 |     5 |     2 ||    16
Armor: Robe              |    27 |    18 |    23 |       |       |       ||    68
       Ring mail         |       |       |   125 |   266 |   272 |    56 ||   719
Dodge: Dodged            |    94 |   102 |   300 |   488 |   521 |    98 ||  1603
       Deflected         |       |       |     3 |    12 |    22 |    13 ||    50
       Rpst.: Scimitar   |       |       |       |   135 |   112 |       ||   247
       Long sword        |       |       |       |       |     7 |    21 ||    28
